 Dungeon Crawl Stone Soup version 0.29.1-1-gd02db6906a (webtiles) character file.

Game seed: 7061871348099391246

2279 raistware the Destroyer (level 9, -2/53 HPs)
             Began as an Octopode Conjurer on Sept 28, 2022.
             Slain by a hornet (17 damage)
             ... on level 7 of the Dungeon.
             The game lasted 00:19:43 (7965 turns).

raistware the Destroyer (Octopode Conjurer)         Turns: 7965, Time: 00:19:43

Health: -2/53      AC:  1    Str:  6    XL:     9   Next: 39%
Magic:  4/21       EV: 14    Int: 25    God:
Gold:   241        SH:  0    Dex: 16    Spells: 15/24 levels left

rFire   . . .      SeeInvis .   m - +4 spear "Guleplosm" {freeze, rN+ Will+}
rCold   . . .      Faith    .   (no shield)
rNeg    + + +      Spirit   .   (helmet restricted)
rPois   .          Reflect  .   B - amulet of regeneration
rElec   .          Harm     .   o - ring of willpower
rCorr   .          Rampage  .   q - ring of Myhamn {rN++ Dex+6 Slay+2}
Will    ++...                   (no ring)
Stlth   +++.......              (no ring)
HPRegen 0.97/turn               (no ring)
MPRegen 0.17/turn               (no ring)
                                (no ring)
                                (no ring)

@: lethally poisoned (-2 -> -3), very slightly contaminated, slowed, very slow
A: almost no armour, amphibious, 8 rings, camouflage 1, gelatinous body 1,
(nimble swimmer 1), tentacles
a: no special abilities


You were on level 7 of the Dungeon.
You visited 2 branches of the dungeon, and saw 8 of its levels.

You collected 269 gold pieces.
You spent 28 gold pieces at shops.

Inventory:

Hand Weapons
 m - the +4 spear "Guleplosm" (weapon) {freeze, rN+ Will+}
   (You found it on level 2 of the Dungeon)

   It freezes those it strikes, dealing additional cold damage.
   It can also slow down cold-blooded creatures.
   rN:        It protects you from negative energy.
   Will:      It increases your willpower.
Missiles
 j - 14 poisoned darts
 z - a throwing net
Jewellery
 o - a ring of willpower (left tentacle)
 q - the ring of Myhamn (right tentacle) {rN++ Dex+6 Slay+2}
   (You took it off a kobold on level 3 of the Dungeon)

   [ring of dexterity]

   Dex:       It affects your dexterity (+6).
   Slay:      It affects your accuracy & damage with ranged weapons and melee
   (+2).
   rN:        It greatly protects you from negative energy.
 B - an amulet of regeneration (around mantle)
Wands
 s - a wand of digging (1)
 u - a wand of iceblast (6)
 y - a wand of light (12)
Scrolls
 c - a scroll of enchant armour {unknown}
 e - 3 scrolls of vulnerability
 g - 4 scrolls of teleportation
 h - a scroll of blinking {unknown}
 i - 3 scrolls of immolation {unknown}
 l - 4 scrolls of fear
 p - a scroll of magic mapping {unknown}
 r - a scroll of brand weapon {unknown}
 t - a scroll of fog {unknown}
 v - a scroll of summoning
 x - a scroll of enchant weapon {unknown}
 A - a scroll of poison {unknown}
Potions
 a - a potion of magic
 d - 2 potions of brilliance
 k - 3 potions of lignification
 n - a potion of might
 w - 2 potions of curing
 C - a potion of ambrosia


   Skills:
 - Level 1.0 Fighting
 - Level 1.0(1.1) Polearms
 - Level 0.6(1.0) Staves
 - Level 3.0 Dodging
 - Level 3.0 Stealth
 + Level 8.3 Spellcasting
 + Level 8.3 Conjurations
 - Level 2.0 Translocations
 - Level 2.0 Poison Magic
 - Level 1.0 Evocations


You had 15 spell levels left.
You knew the following spells:

 Your Spells              Type           Power      Damage    Failure   Level
a - Magic Dart            Conj           100%       1d8       1%          1
b - Iskenderun's Mystic   Conj/Tloc      36%        2d9       7%          4
c - Olgreb's Toxic Radia  Pois           20%        N/A       26%         4

Your spell library contained the following spells:

 Spells                   Type           Power      Damage    Failure   Level
 Searing Ray              Conj           100%       2d8       1%          2
 Dazzling Flash           Conj/Hex       62%        N/A       3%          3
 Sting                    Tmut/Pois      60%        1d6       4%          1
 Poisonous Vapours        Pois/Air       30%        N/A       6%          2
 Fulminant Prism          Conj/Hex       15%        3d11      11%         4
 Portal Projectile        Hex/Tloc       30%        N/A       12%         3
 Tukima's Dance           Hex            10%        N/A       19%         3
 Blade Hands              Tmut           5%         N/A       86%         5


Dungeon Overview and Level Annotations

Branches:
Dungeon (7/15)             Temple (1/1) D:7

Altars:
Cheibriados
Dithmenos
Elyvilon
Fedhas
Gozag
Okawaru
Qazlal
Ru
Sif Muna
Uskayaw
Wu Jian
Xom
Yredelemnul
Zin

Shops:
D:5 ?


Innate Abilities, Weirdness & Mutations

You cannot wear most types of armour.
You are amphibious.
You can wear up to eight rings at the same time.
Your skin changes colour to match your surroundings (Stealth+).
Your rubbery body absorbs attacks. (AC +1, EV +1)
((You are camouflaged when in or above water. (Stealth+)))
You have tentacles for arms and can constrict up to eight enemies at once.


Message History

The orc priest is heavily wounded.
The orc priest is knocked back by the mystic blast.
The orc priest collides with the hornet!
The hornet is lightly wounded.
The orc priest is severely wounded.
The mystic blast hits the gnoll!
The gnoll is heavily wounded.
The gnoll is knocked back by the mystic blast.
The gnoll slams into the rock wall!
You kill the gnoll!
You hear a shout!
Unknown command.
Unknown command.
Casting: Iskenderun's Mystic Blast (dangerous; 7% risk of failure)
Confirm with . or Enter, or press ? or * to list all spells.
You erupt in a blast of force!
The mystic blast hits the hornet.
The hornet is lightly wounded.
The hornet is knocked back by the mystic blast.
The hornet slams into the rock wall!
The hornet is moderately wounded.
The mystic blast hits the orc priest!
You kill the orc priest!
A gnoll comes into view. It is wielding a +0 halberd.
Unknown command.
Casting: Iskenderun's Mystic Blast (dangerous; 7% risk of failure)
Confirm with . or Enter, or press ? or * to list all spells.
The spell is quite dangerous to miscast (26% risk of failure)!
Continue anyway?
You begin to radiate toxic energy.
The gnoll is poisoned. x2
The hornet is poisoned.
The hornet stings you!
You feel yourself slow down. The hornet stings you!
You are poisoned.
You feel as though you will be slow longer.
The gnoll barely misses you.
Unknown command.
Unknown command.
The gnoll looks even sicker. x2; The hornet looks even sicker.
Your toxic aura wanes.
You feel very sick. The hornet stings you!
You die...

.#.g. # ..#.
.. ... o.. .o
.... ###
##)#...# ...
#g)....# ###
#g# .#. #y#
.... ##@###..#
..
#.......#..# #
##.#....#..#
#.##>.........
#............
####....#.###
#.#....# ####
##.#.#.# #...
####...###...


You could see a hornet (very poisoned), 2 gnolls and an orc.

Vanquished Creatures
  An ice beast (D:5)
  2 sky beasts (D:7)
  4 black bears
  3 ogres
  A centaur (D:7)
  3 phantoms
  A kobold brigand (D:7)
  2 necrophages (D:7)
  4 scorpions
  5 hounds
  2 orc priests
  A jelly (D:4)
  A gnoll bouda (D:6)
  4 iguanas
  4 orc wizards
  3 adders
  7 gnolls
  A shadow imp (D:6)
  An ufetubus (D:7)
  A worm (D:4)
  4 dart slugs
  16 orcs
  4 ball pythons
  11 endoplasms
  5 giant cockroaches
  2 goblins
  7 hobgoblins
  12 kobolds
  3 quokkas
  4 bats
  5 frilled lizards
  9 rats
133 creatures vanquished.

Vanquished Creatures (others)
  4 plants (D:6)
4 creatures vanquished.

Grand Total: 137 creatures vanquished

Notes
Turn   | Place    | Note
-------+----------+-------------------------------------------
     0 | D:1      | raistware the Octopode Conjurer began the quest for the
                  | Orb.
     0 | D:1      | Reached XP level 1. HP: 11/11 MP: 3/3
   222 | D:1      | Reached XP level 2. HP: 11/17 MP: 0/5
   518 | D:1      | Reached XP level 3. HP: 10/21 MP: 0/7
  1168 | D:1      | Found a faded altar of an unknown god.
  1813 | D:2      | Reached XP level 4. HP: 27/27 MP: 7/9
  1862 | D:2      | Identified the +4 spear "Guleplosm" {freeze, rN+ Will+}
  1919 | D:2      | Learned a level 4 spell: Iskenderun's Mystic Blast
  2234 | D:2      | Learned a level 4 spell: Olgreb's Toxic Radiance
  2293 | D:3      | Reached skill level 1 in Translocations
  2432 | D:3      | Found a shadowy altar of Dithmenos.
  2559 | D:3      | Reached skill level 1 in Poison Magic
  2559 | D:3      | Reached XP level 5. HP: 19/31 MP: 9/11
  3162 | D:3      | Identified the ring of Myhamn {rN++ Dex+6 Slay+2}
  3241 | D:4      | Noticed a phantom
  3351 | D:4      | Killed a phantom
  3352 | D:4      | Reached XP level 6. HP: 11/36 MP: 4/13
  3582 | D:4      | Noticed a black bear
  3601 | D:4      | Killed a black bear
  3602 | D:4      | Reached skill level 5 in Spellcasting
  4152 | D:4      | Reached XP level 7. HP: 12/41 MP: 3/16
  4560 | D:5      | Entered Level 5 of the Dungeon
  5158 | D:5      | Found a stormy altar of Qazlal.
  5488 | D:5      | Found Fautz's Magic Scroll Emporium.
  5496 | D:5      | Bought a scroll of identify for 28 gold pieces
  5970 | D:6      | Reached XP level 8. HP: 46/46 MP: 19/19
  6201 | D:6      | Reached skill level 5 in Conjurations
  6385 | D:6      | Found a glowing silver altar of Zin.
  7112 | D:7      | Reached XP level 9. HP: 52/52 MP: 3/21
  7123 | D:7      | Reached skill level 1 in Fighting
  7123 | D:7      | Reached skill level 1 in Polearms
  7123 | D:7      | Reached skill level 1 in Evocations
  7287 | D:7      | Found a staircase to the Ecumenical Temple.
  7297 | Temple   | Entered the Ecumenical Temple
  7955 | D:7      | Noticed a hornet
  7965 | D:7      | Slain by a hornet

Illustrated notes

Levels and vault maps discovered:
D:1:      scummos_arrival_checkerplants, layout_basic,
          shapermc_ecumenical_altar_hornbeckon, minmay_tromino_v2
D:2:      layout_basic
D:3:      layout_basic, nicolae_dithmenos_through_a_glass_darkly,
          grunt_ministairs_13
D:4:      layout_cave_pools, ebering_dispersal_statue_hall
D:5:      layout_cave_pools, old_standard_altar, serial_shops, shop
D:6:      layout_layer_cave, mainiacjoe_overflow_boulevard
D:7:      layout_loops_ring, minmay_temple_entry_slanted, minmay_door_square,
          minmay_bent
Temple:   chequers_temple_sunken

Skill      XL: |  1  2  3  4  5  6  7  8  9 |
---------------+----------------------------+-----
Spellcasting   | 3 4 6 7 8 |  8.3
Translocations | 1 2 |  2.0
Poison Magic   | 1 2 |  2.0
Stealth        | 3 |  3.0
Conjurations   | 8 |  8.3
Fighting       | 1 |  1.0
Polearms       | 1 |  1.0
Evocations     | 1 |  1.0
Dodging        | 3 |  3.0
Staves         | |  0.6

Action                   |  1- 3 |  4- 6 |  7- 9 || total
-------------------------+-------+-------+-------++-------
Melee: Unarmed           |    21 |       |       ||    21
       Tentacles         |     9 |     8 |    17 ||    34
       Constrict         |     5 |     7 |    15 ||    27
       Punch             |     1 |       |     2 ||     3
       Spear             |       |    47 |    87 ||   134
Throw: Dart              |       |     6 |     6 ||    12
 Cast: Magic Dart        |    57 |    53 |   115 ||   225
       Iskenderun's Myst |       |     4 |    16 ||    20
       Olgreb's Toxic Ra |       |       |     1 ||     1
Evoke: Wand              |       |       |     7 ||     7
  Use: Scroll            |       |       |     9 ||     9
       Potion            |       |       |     1 ||     1
 Stab: Sleeping          |       |     4 |       ||     4
Armor: Skin              |     3 |     1 |     4 ||     8
Dodge: Dodged            |     7 |    22 |    47 ||    76
